 Dungeon Crawl Stone Soup version 0.18-a0-775-g4d9e04e (webtiles) character file.

62 Proton the Skirmisher (level 3, -2/29 HPs)
             Began as a Demonspawn Abyssal Knight on Dec 13, 2015.
             Was a Believer of Lugonu.
             Slain by an orc wizard
             ... wielding a +0 dagger
              (4 damage)
             ... on level 2 of the Dungeon.
             The game lasted 00:02:33 (1908 turns).

Proton the Skirmisher (Demonspawn Abyssal Knight)   Turns: 1908, Time: 00:02:33

Health: -2/29      AC:  8    Str: 13    XL:     3   Next: 85%
Magic:  5/5        EV:  6    Int: 13    God:    Lugonu [**....]
Gold:   29         SH:  0    Dex: 12    Spells: 0 memorised, 2 levels left

rFire  . . .     SeeInvis .     a - +1 falchion
rCold  . . .     Clarity  .     l - +0 chain mail
rNeg   . . .     SustAt   .     (no shield)
rPois  .         Gourm    .     (no helmet)
rElec  .         Spirit   .     (no cloak)
rCorr  .         Dismiss  .     (no gloves)
rMut   .         Stasis   .     (no boots)
MR     .....                    (no amulet)
Stlth  ..........               (no ring)
                                (no ring)

@: not resistant to hostile enchantments, extremely unstealthy
A: rot immunity
a: Depart the Abyss, Bend Space, Renounce Religion


You were on level 2 of the Dungeon.
You worshipped Lugonu.
Lugonu was pleased with you.
You were not hungry.

You visited 1 branch of the dungeon, and saw 3 of its levels.
You visited the Abyss 1 time.

You collected 29 gold pieces.

Inventory:

Hand Weapons
 a - a +1 falchion (weapon)
Missiles
 p - 3 javelins (quivered)
Armour
 l - a +0 chain mail (worn)
Jewellery
 q - an uncursed ring of ice {unknown}
Scrolls
 b - a scroll of fear {unknown}
 e - 3 scrolls of identify {unknown}
 h - a scroll of blinking {unknown}
 j - a scroll of remove curse {unknown}
 k - a scroll of teleportation {unknown}
 m - a scroll of recharging {unknown}
 o - a scroll of enchant armour {unknown}
Potions
 f - a potion of curing {unknown}
 g - a potion of lignification {unknown}
 i - a potion of cancellation {unknown}
 n - a potion of resistance {unknown}
Comestibles
 c - a bread ration
 d - 3 fruits


   Skills:
 + Level 3.5 Fighting
 + Level 2.2 Long Blades
 + Level 2.2 Armour
 + Level 1.5 Dodging
 + Level 3.2 Invocations


You had 2 spell levels left.
You didn't know any spells.

Dungeon Overview and Level Annotations

Branches:
Dungeon (3/15)

Altars:
Gozag
Pakellas
Qazlal


Innate Abilities, Weirdness & Mutations

You are immune to rotting.


Message History

The puff of flame hits you!
You closely miss something. Something hits you but does no damage.
You hit something but do no damage. Something hits you but does no damage.
Something hits you but does no damage.
You closely miss something. Something hits you but does no damage.
You hit something but do no damage.
You hear some strange, mumbled words.
A puff of flame appears from out of thin air!
The puff of flame hits you!
* * * LOW HITPOINT WARNING * * *
You barely miss something.
You hear some strange, mumbled words.
A puff of flame appears from out of thin air!
The puff of flame hits you!
* * * LOW HITPOINT WARNING * * *
You hit something.
You hear some strange, mumbled words.
Something tries to affect you, but you resist.
You hit something but do no damage. Something hits you.
You die...

#.####_###
#.##8...8#
#.##.....##
#.#8.....8#
#.##.....#
#.##8...8#
#########.##.....##
.....#....#8.....8#
...(...<..##...{@##
.....[....##8))[8#
..........####>###
..........#######
...[.........#b##
...<...........#
...........>####
.....#.....##
######.#####


You could see a bat.

Vanquished Creatures
  An adder (D:2)
  2 worms (D:2)
  5 orcs
  5 hobgoblins
  6 kobolds
  A ball python (D:2)
  4 bats
  3 giant cockroaches
  2 giant geckos
  A giant newt (D:2)
  4 goblins
  2 quokkas (D:2)
  7 rats
43 creatures vanquished.

Notes
Turn   | Place    | Note
--------------------------------------------------------------
     0 | Abyss:1  | Proton the Demonspawn Abyssal Knight began the quest for the Orb.
     0 | Abyss:1  | Reached XP level 1. HP: 18/18 MP: 2/2
    61 | D:1      | Escaped the Abyss
    69 | D:1      | Reached skill level 1 in Dodging
   278 | D:1      | Gained mutation: You are immune to rotting. [demonic ancestry]
   278 | D:1      | Reached XP level 2. HP: 21/24 MP: 4/4
   547 | D:1      | Reached ** piety under Lugonu
   799 | D:2      | Found a faded altar to an unknown god.
   836 | D:2      | Found a stormy altar of Qazlal.
   963 | D:2      | Reached XP level 3. HP: 14/29 MP: 5/5
  1646 | D:3      | Found an oddly glowing altar of Pakellas.
  1653 | D:2      | Found an opulent altar of Gozag.
  1908 | D:2      | Slain by an orc wizard

Vault maps used:
D:1:      minmay_arrival_five_plusses
D:2:      lemuel_round_altar, nicolae_overflow_hidden_temple, ecumenical_altar_2
D:3:      old_standard_altar

Action                   || total
-------------------------++-------
Melee: Falchion          ||   197
  Eat: Royal jelly       ||     1
       Pizza             ||     1
